 Dungeon Crawl Stone Soup version 0.31-a0-177-g4aa6249778 (webtiles) character file.

Game seed: 8594405116865186483

238 qw the Shooter (level 6, 0/56 HPs)
             Began as a Naga Hunter on June 18, 2023.
             Slain by Menkaure (17 damage)
             ... on level 4 of the Dungeon.
             The game lasted 00:01:01 (2311 turns).

qw the Shooter (Naga Hunter)                        Turns: 2311, Time: 00:01:02

Health: 0/56       AC: 10    Str: 13    XL:     6   Next: 7%
Magic:  6/6        EV:  8    Int: 10    God:
Gold:   171        SH:  5    Dex: 16    Spells: 5/5 levels left

rFire   . . .        Y - +0 shortbow
rCold   + . .        (shield currently unavailable)
rNeg    . . .        k - +2 ring mail {Will+}
rPois   +            (no helmet)
rElec   .            (no cloak)
rCorr   .            (no gloves)
SInv    +            (no barding)
Will    +....        n - amulet of reflection
Stlth   +            f - +4 ring of protection
HPRegen 0.29/turn    d - ring of protection from cold
MPRegen 0.10/turn

%: reflection
@: very slow
A: AC +2, large, see invisible, deformed body, poison resistance, slowness 2,
spit poison 1, naga tail 1
a: Spit Poison


You were on level 4 of the Dungeon.
You visited 1 branch of the dungeon, and saw 4 of its levels.

You collected 199 gold pieces.
You spent 28 gold pieces at shops.


Innate Abilities, Weirdness & Mutations

Your serpentine skin is tough. (AC +2)
You have supernaturally acute eyesight. (SInv)
Armour fits poorly on your strangely shaped body.
Your system is resistant to poisons. (rPois)
You cover ground very slowly.
You can spit poison.
You have a snake-like lower body.


   Skills:
 + Level 3.1 Fighting
 - Level 6.0 Ranged Weapons
 - Level 1.5 Dodging
 - Level 1.5 Stealth


You had 5 spell levels left.
You didn't know any spells.
Your spell library was empty.

Inventory:

Hand Weapons
 Y - a +0 shortbow (weapon)
Armour
 g - the +0 robe of Kleptomania {rElec rC- Will+ Slay+2}
   (You found it on level 3 of the Dungeon)

   Slay:      It affects your accuracy & damage with ranged weapons and melee
   (+2).
   rC:        It makes you vulnerable to cold.
   rElec:     It insulates you from electricity.
   Will:      It increases your willpower.
 k - a +2 ring mail of willpower (worn)
Jewellery
 b - a ring of willpower
 d - a ring of protection from cold (right hand)
 f - a +4 ring of protection (left hand)
 n - an amulet of reflection (around neck)
Wands
 l - a wand of digging (9)
Scrolls
 e - a scroll of identify
Potions
 i - a potion of enlightenment
 m - a potion of brilliance {unknown}
 o - a potion of heal wounds {unknown}
 p - a potion of curing {unknown}

Dungeon Overview and Level Annotations

Branches:
Dungeon (4/15)
 Temple: D:4-7

Altars:

Shops:
D:1 *

Annotations:
D:4 Menkaure


Message History

(D) Dungeon
Where to? (* - list waypoints, Enter - D:3, ? - help)
What level of the Dungeon? (default 1, ? - help)
There is a stone staircase leading down here.
You climb downwards.
There is a stone staircase leading up here.
Waypoint 3 assigned to D:4.
Found a stone staircase leading up.
There is a stone staircase leading up here.
Found a ring mail.
You now have 171 gold pieces (gained 6).
Menkaure, Prince of Dust comes into view.
Menkaure shouts!
You shoot an arrow. The arrow barely misses Menkaure.
Menkaure gestures wildly while chanting.
Menkaure seems to speed up.
You shoot an arrow. The arrow barely misses Menkaure.
You shoot an arrow. The arrow hits Menkaure.
Menkaure is lightly damaged.
Menkaure calls on the powers of darkness!
Your body is wracked with pain!
You shoot an arrow.
The arrow hits Menkaure but does no damage.
Menkaure is lightly damaged.
You shoot an arrow. The arrow hits Menkaure.
Menkaure is moderately damaged.
You shoot an arrow. The arrow barely misses Menkaure.
Menkaure hits you but does no damage. Menkaure hits you.
You shoot an arrow. The arrow hits Menkaure.
Menkaure is heavily damaged.
You block Menkaure's attack.
You shoot an arrow.
The arrow hits Menkaure but does no damage.
Menkaure is heavily damaged.
Menkaure calls on the powers of darkness!
Your body is wracked with pain!
You block Menkaure's attack.
You shoot an arrow. The arrow hits Menkaure.
Menkaure is severely damaged.
Menkaure hits you!
You die...

#.# #.# #. .# #.#
. .# #.# .##.# #.#
.... #.########..
#.<.....##.# #
#######.##.#.#####
#####...@M......
#..[.....#.#####
#.######## #


You could see Menkaure (fast).

Vanquished Creatures
  An orc priest (D:3)
  Jessica (D:3)
  An iguana (D:3)
  Terence (D:3)
  Ijyb (D:3)
  2 adders
  2 worms (D:3)
  2 dart slugs
  5 orcs
  7 bats
  4 endoplasms (D:1)
  A giant cockroach (D:1)
  8 goblins
  9 hobgoblins
  4 jackals (D:2)
  2 quokkas
  5 ball pythons
  4 frilled lizards
  7 kobolds
  5 rats
72 creatures vanquished.

Notes
Turn   | Place    | Note
-------+----------+-------------------------------------------
     0 | D:1      | qw the Naga Hunter began the quest for the Orb.
     0 | D:1      | Reached XP level 1. HP: 19/19 MP: 1/1
     0 | D:1      | 0 ||| qw: Version: 0.3-a-5-g6f28e65
     0 | D:1      | 0 ||| qw: Game counter: 696
     0 | D:1      | 0 ||| qw: Always use a shield: true
     0 | D:1      | 0 ||| qw: God list: Okawaru
     0 | D:1      | 0 ||| qw: Allow faded altars: false
     0 | D:1      | 0 ||| qw: Do Orc after D:15 true
     0 | D:1      | 0 ||| qw: Do second Lair branch before Depths: true
     0 | D:1      | 0 ||| qw: Lair rune preference: random
     0 | D:1      | 0 ||| qw: Plans: Normal
     0 | D:1      | 0 ||| PLANNING D:1-11
    27 | D:1      | 27 ||| INVOKING Spit Poison.
    32 | D:1      | 32 ||| INVOKING Spit Poison.
    37 | D:1      | 37 ||| INVOKING Spit Poison.
   112 | D:1      | 112 ||| INVOKING Spit Poison.
   115 | D:1      | Reached skill level 4 in Ranged Weapons
   115 | D:1      | Reached XP level 2. HP: 25/26 MP: 2/2
   138 | D:1      | 138 ||| INVOKING Spit Poison.
   146 | D:1      | 146 ||| INVOKING Spit Poison.
   154 | D:1      | 154 ||| INVOKING Spit Poison.
   160 | D:1      | 160 ||| INVOKING Spit Poison.
   175 | D:1      | 175 ||| INVOKING Spit Poison.
   199 | D:1      | 199 ||| INVOKING Spit Poison.
   234 | D:1      | Found Dezedipi's General Store.
   241 | D:1      | 241 ||| SHOPLISTING scroll of enchant armour (105 gold,
                  | have 41).
   241 | D:1      | 241 ||| BUYING scroll of identify (28 gold).
   241 | D:1      | Bought a scroll of identify for 28 gold pieces
   241 | D:1      | 241 ||| SHOPLISTING scroll of teleportation (42 gold, have
                  | 13).
   247 | D:1      | 247 ||| INVOKING Spit Poison.
   251 | D:1      | 251 ||| INVOKING Spit Poison.
   254 | D:1      | 254 ||| Stepping ~*~*~tactically~*~*~ (outnumbered).
   256 | D:1      | 256 ||| INVOKING Spit Poison.
   257 | D:1      | Reached XP level 3. HP: 29/32 MP: 3/3
   259 | D:1      | 259 ||| INVOKING Spit Poison.
   300 | D:1      | 300 ||| INVOKING Spit Poison.
   353 | D:1      | 353 ||| INVOKING Spit Poison.
   359 | D:1      | 359 ||| INVOKING Spit Poison.
   517 | D:1      | 517 ||| UPGRADING to amulet of regeneration.
   522 | D:1      | 522 ||| UPGRADING to +4 ring of protection.
   523 | D:1      | 523 ||| UPGRADING to ring of willpower.
   524 | D:1      | 524 ||| READING 3 scrolls labelled DIHODE SAJ RIKK.
   525 | D:1      | 525 ||| READING scroll labelled FICUOG URCHEL.
   526 | D:1      | 526 ||| DROPPING 2 scrolls of poison.
   527 | D:1      | 527 ||| DROPPING scroll of butterflies.
   580 | D:2      | 580 ||| INVOKING Spit Poison.
   581 | D:2      | 581 ||| INVOKING Spit Poison.
   592 | D:2      | 592 ||| INVOKING Spit Poison.
   727 | D:2      | 727 ||| INVOKING Spit Poison.
   751 | D:2      | 751 ||| INVOKING Spit Poison.
   801 | D:2      | 801 ||| INVOKING Spit Poison.
   843 | D:2      | Reached skill level 5 in Ranged Weapons
   846 | D:2      | Reached XP level 4. HP: 39/39 MP: 4/4
   850 | D:2      | 850 ||| INVOKING Spit Poison.
   856 | D:2      | 856 ||| INVOKING Spit Poison.
  1045 | D:2      | 1045 ||| INVOKING Spit Poison.
  1234 | D:2      | 1234 ||| DROPPING amulet of guardian spirit.
  1235 | D:2      | 1235 ||| DROPPING +6 ring of intelligence.
  1236 | D:2      | 1236 ||| UPGRADING to ring of protection from cold.
  1238 | D:2      | 1238 ||| READING scroll labelled QOAWNU NIVIE.
  1334 | D:3      | 1334 ||| INVOKING Spit Poison.
  1351 | D:3      | 1351 ||| INVOKING Spit Poison.
  1354 | D:3      | 1354 ||| INVOKING Spit Poison.
  1358 | D:3      | 1358 ||| INVOKING Spit Poison.
  1395 | D:3      | Identified the +0 robe of Kleptomania {rElec rC- Will+
                  | Slay+2}
  1417 | D:3      | Reached skill level 3 in Fighting
  1419 | D:3      | 1419 ||| INVOKING Spit Poison.
  1423 | D:3      | 1423 ||| INVOKING Spit Poison.
  1427 | D:3      | 1427 ||| INVOKING Spit Poison.
  1428 | D:3      | Reached XP level 5. HP: 34/49 MP: 5/5
  1432 | D:3      | Noticed Jessica
  1435 | D:3      | 1435 ||| INVOKING Spit Poison.
  1438 | D:3      | 1438 ||| INVOKING Spit Poison.
  1440 | D:3      | Killed Jessica
  1442 | D:3      | 1442 ||| INVOKING Spit Poison.
  1470 | D:3      | 1470 ||| INVOKING Spit Poison.
  1476 | D:3      | 1476 ||| INVOKING Spit Poison.
  1498 | D:3      | 1498 ||| INVOKING Spit Poison.
  1510 | D:3      | 1510 ||| INVOKING Spit Poison.
  1519 | D:3      | 1519 ||| INVOKING Spit Poison.
  1574 | D:3      | Noticed Terence
  1577 | D:3      | 1577 ||| INVOKING Spit Poison.
  1583 | D:3      | 1583 ||| INVOKING Spit Poison.
  1586 | D:3      | 1586 ||| INVOKING Spit Poison.
  1586 | D:3      | Killed Terence
  1610 | D:3      | Noticed Ijyb
  1613 | D:3      | 1613 ||| INVOKING Spit Poison.
  1617 | D:3      | 1617 ||| INVOKING Spit Poison.
  1624 | D:3      | 1624 ||| INVOKING Spit Poison.
  1626 | D:3      | Killed Ijyb
  1627 | D:3      | Reached skill level 6 in Ranged Weapons
  1627 | D:3      | Reached XP level 6. HP: 56/56 MP: 6/6
  1823 | D:3      | 1823 ||| INVOKING Spit Poison.
  1827 | D:3      | 1827 ||| INVOKING Spit Poison.
  1831 | D:3      | 1831 ||| INVOKING Spit Poison.
  1835 | D:3      | 1835 ||| INVOKING Spit Poison.
  2095 | D:3      | 2095 ||| UPGRADING to +0 robe of Kleptomania {rElec rC-
                  | Will+ Slay+2}.
  2105 | D:3      | 2105 ||| DROPPING +0 leather armour.
  2106 | D:3      | 2106 ||| UPGRADING to +2 ring mail of willpower.
  2116 | D:3      | 2116 ||| UPGRADING to amulet of reflection.
  2126 | D:3      | 2126 ||| DROPPING amulet of regeneration.
  2127 | D:3      | 2127 ||| READING scroll labelled QIONESHR TEKEV.
  2131 | D:3      | 2131 ||| READING scroll labelled TUSSOSOTWA.
  2232 | D:3      | 2232 ||| READING scroll labelled JULUPE TUAXO.
  2233 | D:3      | 2233 ||| READING 2 scrolls of identify.
  2233 | D:3      | 2233 ||| IDENTIFYING bubbling cyan potion
  2302 | D:4      | Noticed Menkaure
  2311 | D:4      | Slain by Menkaure

Levels and vault maps discovered:
D:1:      lightli_arrival_statue_moat, layout_rooms, serial_shops, shop
D:2:      layout_loops_ring, minivault_19
D:3:      kennysheep_the_goblin_king, layout_basic, lemuel_flame_loot_1,
          uniq_ijyb, uniq_terence, uniq_jessica
D:4:      layout_loops_ring, uniq_menkaure, uniq_sigmund,
          uniq_crazy_yiuf_cottage

Skill      XL: |  1  2  3  4  5 |
---------------+----------------+-----
Ranged Weapons | 4 5 6 |  6.0
Fighting       | 3 |  3.1
Dodging        | |  1.5
Stealth        | |  1.5

Action                     |  1- 3 |  4- 6 || total
---------------------------+-------+-------++-------
   Fire: Shortbow          |    69 |   108 ||   177
Ability: Spit Poison       |    22 |    28 ||    50
    Use: Scroll            |     2 |     5 ||     7
 Armour: Leather armour    |     8 |    34 ||    42
         Ring mail         |       |     1 ||     1
  Dodge: Dodged            |    14 |    30 ||    44
  Block: Other             |       |     2 ||     2

Table legend:
 A = Non-vault XP
 B = Vault XP
 C = Vault XP percentage of total XP
 D = Non-vault monster count
 E = Vault monster count
 F = Vault count percentage of total count
                 A         B        C        D         E       F
            +---------+---------+-------+---------+---------+-------
      Total |     220 |     120 |  35.3 |      62 |      10 |  13.9
            +---------+---------+-------+---------+---------+-------
        D:1 |      49 |       0 |   0.0 |      29 |       0 |   0.0
        D:2 |      42 |       0 |   0.0 |      16 |       0 |   0.0
        D:3 |     129 |     120 |  48.2 |      17 |      10 |  37.0
            +---------+---------+-------+---------+---------+-------
